Map: Newkirk Precinct TE (Void)

Players

ghanzo

  • Race: Terran Terran
  • League: Diamond
  • Spawn Location: 7:00

Trizztein - Winner!

  • Race: Terran Terran
  • League: Diamond
  • Spawn Location: 5:00

VOD

Have the link to the VOD?

Description

Time

  • Played on: Dec. 14, 2016, 3:24 p.m.
  • Length: 22:16
Show
View Real Time Build Order
Export as new Build Order

ghanzo Terran 

Build Orders: MMM Bio 

Get SALT Encoding   

  12  0:02  SCV  
  13  0:14  SCV  
  13  0:19  Supply Depot  
  14  0:27  SCV  
  15  0:36  Refinery  
  15  0:40  SCV  
  16  0:46  Barracks  
  16  0:52  SCV  
  17  1:04  SCV  
  18  1:16  SCV  
  19  1:28  SCV  
  20  1:34  Marine  
  20  1:38  Refinery  
  21  1:43  Orbital Command  
  21  1:45  Factory  
  21  1:47  Supply Depot  
  21  1:53  Marine  
  22  2:10  SCV  
  22  2:11  Barracks Reactor  
  23  2:22  SCV  
  24  2:30  Starport  
  24  2:31  Hellion  
  24  2:34  SCV  
  27  2:39  Supply Depot  
  27  2:58  SCV  
  28  3:03  Cyclone x2  
  34  3:08  Supply Depot  
  34  3:10  SCV, Marine  
  36  3:21  Medivac  
  36  3:23  Supply Depot  
  36  3:24  SCV  
  39  3:32  Marine  
  40  3:35  Cyclone  
  40  3:36  SCV  
  44  3:46  Widow Mine  
  46  3:48  SCV  
  46  3:53  Supply Depot  
  47  3:56  Medivac  
  47  4:00  SCV  
  39  5:00  Marine  
  39  5:10  Command Center  
  39  5:11  Starport Tech Lab  
  39  5:15  Cyclone x2  
  39  5:16  SCV  
  39  5:18  Marine  
  39  5:19  Supply Depot  
  47  5:23  Barracks  
  47  5:25  Barracks  
  47  5:28  SCV  
  47  5:32  Banshee  
  47  5:35  Supply Depot, Marine  
  51  5:40  SCV  
  53  5:50  Engineering Bay  
  53  5:51  Supply Depot  
  53  5:53  SCV  
  54  5:57  Barracks Tech Lab  
  54  6:03  Factory Tech Lab  
  54  6:06  Engineering Bay  
  54  6:13  Barracks Reactor, Barracks  
  54  6:15  Barracks Tech Lab  
  55  6:18  SCV  
  55  6:25  Orbital Command  
  55  6:29  Marine  
  55  6:31  Stimpack  
  56  6:40  SCV  
  56  6:41  Marine  
  56  6:42  Siege Tank  
  56  6:45  Combat Shields  
  61  6:47  Terran Infantry Weapons Level 1  
  61  6:49  Marine  
  61  6:52  SCV, Marine x2  
  65  6:55  SCV  
  66  7:04  SCV  
  66  7:05  Marine  
  66  7:06  Marine  
  66  7:08  SCV  
  70  7:11  Medivac  
  70  7:13  Marine x2  
  74  7:17  Supply Depot  
  74  7:19  Refinery  
  74  7:20  Refinery  
  74  7:23  SCV x2  
  74  7:24  Marine  
  74  7:25  Marine x3  
  74  7:29  Terran Infantry Armor Level 1  
  80  7:31  Marine  
  80  7:37  SCV x2  
  83  7:44  Marine  
  83  7:45  Marine x4  
  83  7:49  SCV x2  
  82  8:13  SCV x2  
  76  8:25  Marine x5  
  76  8:26  Marine  
  79  8:30  Command Center  
  79  8:31  Siege Tank  
  82  8:36  Supply Depot  
  82  8:37  Armory  
  82  8:38  SCV x2  
  84  8:43  Marine x2  
  86  8:50  SCV  
  86  8:51  SCV  
  86  8:54  Marine x4  
  92  9:01  Marine x2  
  94  9:03  SCV x2  
  94  9:27  Marine x3, Marauder x2  
  94  9:28  Terran Infantry Weapons Level 2  
  94  9:29  Terran Infantry Armor Level 2  
  101  9:33  Refinery  
  101  9:35  Refinery  
  101  9:44  Siege Tank  
  104  9:48  Marauder  
  106  10:03  Marine x2, Marauder  
  106  10:05  Medivac  
  112  10:13  Marine x2, Marauder  
  116  10:27  Marine, Marauder  
  119  10:35  Medivac  
  100  10:51  Marine  
  100  10:53  Marine x2  
  100  10:54  Marine x2  
  102  11:01  SCV x3  
  105  11:11  Marine x2, Marauder  
  108  11:12  Siege Tank, Medivac  
  108  11:13  SCV x3  
  108  11:15  Marine  
  108  11:16  Marine  
  108  11:17  Factory  
  119  11:18  Factory  
  119  11:20  Barracks x2  
  119  11:25  SCV x2  
  120  11:29  Orbital Command  
  118  11:37  SCV x2  
  118  11:38  Marine x4, Marauder x2  
  128  11:49  SCV x2  
  128  11:54  Siege Tank  
  133  12:00  Starport Reactor  
  133  12:02  Marine x2  
  133  12:03  Marine, SCV x2  
  133  12:08  Marine  
  133  12:30  Supply Depot  
  133  12:31  Supply Depot  
  133  12:32  Marine, SCV  
  133  12:34  Supply Depot  
  133  12:35  Supply Depot  
  133  12:50  Marine, SCV x2  
  133  12:51  Marine x3, Marauder  
  133  12:52  SCV, Marauder  
  103  13:00  Marine x2  
  103  13:03  SCV x2  
  95  13:08  Siege Tank, Marine, Factory Tech Lab x2  
  95  13:09  Marine x3  
  104  13:12  Marauder  
  104  13:13  Marauder  
  104  13:17  Marine  
  104  13:18  Marine  
  108  13:26  Marine  
  109  13:27  Marine x2  
  113  13:34  Marauder  
  113  13:35  Marauder  
  115  13:43  Marine x3  
  115  13:44  Marine  
  115  13:45  Marine  
  115  13:55  Marauder  
  111  13:56  Marauder  
  111  13:59  Marine  
  111  14:00  Siege Tank x3  
  111  14:01  Marine x2  
  122  14:16  Command Center  
  122  14:17  Marauder x2  
  125  14:32  Siege Tank  
  111  14:50  SCV x3  
  95  15:02  SCV x3, Liberator x2  
  92  15:14  SCV x3  
  90  15:17  Siege Tank x3  
  107  15:23  Barracks Tech Lab x2  
  107  15:25  Starport  
  107  15:26  SCV x3  
  110  15:34  Orbital Command  
  110  15:38  SCV x3  
  113  15:50  SCV x2  
  113  15:53  SCV  
  116  15:59  Marine  
  116  16:00  Marine x4, Marauder x3  
  127  16:04  Siege Tank  
  127  16:05  Siege Tank, Widow Mine  
  127  16:08  Viking  
  127  16:09  Starport Reactor  
  129  16:21  SCV  
  129  16:23  Marine  
  129  16:29  SCV  
  129  16:30  Liberator x2  
  129  16:31  SCV x2  
  131  16:33  SCV  
  132  16:41  SCV  
  132  16:42  Marine x4, Marauder x2  
  132  16:43  Marine  
  132  16:44  Marine  
  143  16:51  SCV x3  
  152  17:00  Marine  
  132  17:36  Marine  
  132  17:37  Marine x5, Marauder x2  
  125  17:40  Viking x2  
  125  17:42  Viking x2  
  138  17:44  SCV x2  
  140  17:54  Marine x3  
  140  17:55  Marine x2  
  131  18:10  Viking x2  
  111  18:21  Marine  
  111  18:22  Marine x7  
  111  18:27  Liberator x2  
  111  18:28  Liberator x2  
  104  18:39  Marine x3  
  104  18:40  Marine x5  
  106  18:47  SCV x3  
  114  18:57  Marine x2  
  114  19:14  Terran Ship Weapons Level 1  
  114  19:18  Armory  
  114  19:24  Refinery  
  114  19:25  Marine x4, Refinery  
  114  19:26  Marine x4  
  114  19:27  Viking  
  114  19:29  Widow Mine  
  126  19:43  Marine x5  
  126  19:44  Marine x2  
  133  19:51  Command Center  
  133  20:15  Liberator x4, Marauder x2  
  133  20:16  Widow Mine x3, Marauder  
  145  20:35  Refinery  
  157  20:39  Supply Depot, Refinery  
  157  20:44  Widow Mine  
  157  20:57  Liberator  
  157  21:02  SCV x3  
  157  21:03  SCV  
  144  21:14  SCV x3  
  143  21:26  Orbital Command  
  143  21:36  Medivac x3  
  143  21:38  SCV x2  
Show
View Real Time Build Order
Export as new Build Order

Trizztein Terran - Winner!

Build Orders: Reaper Expand, Mech 

Get SALT Encoding   

  12  0:00  SCV  
  13  0:13  SCV  
  14  0:18  Supply Depot  
  14  0:25  SCV  
  15  0:40  SCV  
  15  0:41  Barracks  
  16  0:45  Refinery  
  16  0:52  SCV  
  17  1:04  SCV  
  18  1:16  SCV  
  19  1:34  Orbital Command  
  19  1:35  Reaper  
  20  1:47  Command Center  
  20  2:01  Supply Depot  
  20  2:03  SCV  
  20  2:07  Marine  
  21  2:15  Factory  
  21  2:16  SCV  
  22  2:23  Refinery  
  22  2:28  SCV  
  23  2:40  SCV  
  24  2:52  SCV  
  24  2:58  Bunker  
  25  3:00  Orbital Command  
  25  3:04  Barracks Reactor, Refinery  
  25  3:08  Starport  
  25  3:11  Factory Tech Lab  
  25  3:12  SCV  
  26  3:24  SCV  
  26  3:26  SCV  
  28  3:35  Siege Tank  
  28  3:36  SCV  
  28  3:39  SCV  
  28  3:41  Supply Depot  
  33  3:47  Starport Tech Lab  
  33  3:48  SCV  
  34  3:51  SCV  
  34  3:54  Marine x2  
  37  4:00  SCV  
  38  4:03  SCV  
  38  4:05  Supply Depot  
  39  4:16  SCV x2  
  39  4:17  Raven  
  41  4:18  Siege Tank  
  46  4:28  SCV  
  47  4:34  SCV  
  47  4:35  Marine x2  
  44  4:45  SCV  
  41  4:46  SCV  
  40  4:57  SCV  
  40  4:59  Marine  
  36  5:00  Marine  
  36  5:06  SCV  
  36  5:09  SCV  
  36  5:13  Refinery  
  36  5:14  Siege Tank  
  40  5:18  SCV  
  41  5:22  SCV  
  42  5:30  SCV  
  42  5:34  SCV  
  44  5:38  Barracks Reactor  
  44  5:40  Factory x2  
  44  5:42  SCV  
  45  5:46  SCV  
  46  5:54  SCV  
  46  5:56  Command Center  
  47  5:58  SCV  
  47  6:00  Viking x2  
  52  6:05  Supply Depot  
  52  6:06  SCV  
  52  6:08  Siege Tank  
  52  6:10  SCV  
  57  6:18  SCV  
  57  6:21  Armory  
  57  6:22  SCV  
  59  6:28  Supply Depot  
  59  6:29  Siege Tank  
  59  6:30  SCV  
  59  6:32  Viking  
  65  6:34  SCV  
  66  6:40  Engineering Bay  
  66  6:43  SCV, Viking  
  66  6:46  SCV  
  70  6:55  SCV  
  70  6:58  SCV  
  70  7:01  Supply Depot  
  72  7:03  Hellion x2  
  72  7:04  Supply Depot  
  72  7:07  SCV  
  72  7:08  Siege Tank x2  
  83  7:10  SCV  
  83  7:14  Orbital Command  
  84  7:19  SCV, Refinery  
  84  7:23  SCV  
  84  7:28  Missile Turret  
  85  7:30  Missile Turret  
  85  7:34  Viking x2  
  85  7:35  Refinery  
  89  7:37  Hellion  
  89  7:38  Hellion  
  89  7:41  Barracks Tech Lab  
  89  7:43  Terran Vehicle Weapons Level 1  
  93  7:49  Orbital Command  
  83  8:08  SCV x2  
  84  8:13  Sensor Tower  
  84  8:19  Hellion x2  
  87  8:20  SCV x2  
  87  8:26  Hellion x2  
  90  8:28  SCV  
  90  8:32  SCV x2  
  93  8:34  Viking x2  
  93  8:39  Supply Depot  
  93  8:40  SCV  
  98  8:44  SCV  
  98  8:45  SCV  
  100  8:50  Siege Tank x2, Supply Depot x2  
  100  8:51  Hellion  
  100  8:52  SCV  
  109  9:00  SCV, Hellion  
  112  9:09  Missile Turret  
  112  9:12  Hellion  
  112  9:16  Factory  
  114  9:17  Factory  
  114  9:18  Starport  
  114  9:19  SCV x3  
  114  9:21  Starport  
  115  9:31  Siege Tank x2, SCV, Hellion  
  122  9:34  Hellion  
  122  9:37  Terran Vehicle And Ship Armor Level 1  
  126  9:40  Armory  
  126  9:41  Infernal Pre-Igniter  
  126  9:42  SCV  
  127  9:48  SCV  
  128  9:57  SCV  
  129  10:01  Hellion x2  
  129  10:07  Factory Reactor  
  133  10:22  SCV x2  
  133  10:36  Terran Vehicle Weapons Level 2  
  133  10:40  Cyclone  
  133  10:44  Hellion  
  133  10:45  Hellion  
  133  10:56  Command Center  
  133  11:03  Command Center  
  133  11:07  Sensor Tower  
  133  11:22  Starport Tech Lab  
  133  11:23  Starport Reactor  
  133  11:31  Fusion Core, Starport Tech Lab  
  131  11:44  Terran Vehicle And Ship Armor Level 2  
  128  12:08  Siege Tank x2, SCV  
  133  12:09  Hellion  
  133  12:10  Hellion, Cyclone  
  133  12:11  Siege Tank  
  133  12:12  Cyclone  
  124  12:30  Hellion  
  124  12:31  Cyclone  
  124  12:36  Planetary Fortress  
  129  12:40  Siege Tank x2, Supply Depot  
  129  12:41  Supply Depot  
  129  12:43  Hellion x2  
  113  12:59  Hellion  
  113  13:04  Siege Tank  
  113  13:05  Hellion x2  
  116  13:09  Viking x2  
  116  13:10  Viking  
  116  13:12  Raven, Siege Tank  
  127  13:28  SCV x2  
  120  13:34  Hellion  
  120  13:35  Hellion x3  
  120  13:36  Terran Vehicle Weapons Level 3  
  120  13:39  Viking x2  
  120  13:40  SCV  
  133  13:46  Hellion x2  
  126  13:56  SCV x2  
  126  14:02  Hellion x3  
  136  14:03  Siege Tank, Hellion  
  136  14:09  Planetary Fortress  
  139  14:19  Siege Tank  
  139  14:20  Refinery x2  
  142  14:35  SCV  
  142  14:36  SCV  
  141  14:41  Hellion x2  
  141  14:42  Hellion  
  147  14:48  Siege Tank, Hellion x2  
  147  14:49  Terran Vehicle And Ship Armor Level 3  
  147  14:51  Siege Tank  
  157  15:03  Hellion x2  
  157  15:12  Siege Tank  
  157  15:13  Hellion  
  156  15:15  Battlecruiser  
  162  15:25  SCV  
  163  15:49  Siege Tank  
  164  15:52  Command Center  
  164  16:17  Hellion  
  164  16:25  Hellion  
  164  16:26  Hellion  
  164  16:28  Hellion  
  164  16:31  Hellion  
  164  16:33  Terran Ship Weapons Level 1  
  164  16:42  Missile Turret  
  164  16:43  Missile Turret  
  164  16:47  Missile Turret  
  164  16:50  Missile Turret  
  164  16:54  Viking  
  164  16:55  Hellion  
  164  16:57  Hellion  
  164  16:58  Weapon Refit  
  163  17:03  Siege Tank  
  163  17:04  Siege Tank, Battlecruiser x2, Hellion  
  178  17:28  Viking  
  179  18:11  Viking  
  164  18:20  Viking  
  164  18:22  Siege Tank  
  164  18:23  Siege Tank  
  163  18:32  Planetary Fortress  
  163  18:41  Terran Ship Weapons Level 2  
  163  18:55  Refinery  
  163  19:00  Refinery  
  163  19:07  Command Center  
  161  19:19  Supply Depot  
  161  19:20  Supply Depot x2  
  161  19:21  Supply Depot  
  161  19:29  Hellion  
  163  19:40  Siege Tank, Widow Mine  
  163  19:41  Siege Tank x2, Hellion  
  163  19:42  Battlecruiser x2, Viking x2, Hellion  
  163  19:44  Sensor Tower  
  194  19:54  Hellion  
  194  20:19  Hellion x3, Planetary Fortress  
  199  20:29  Refinery  
  199  21:06  Hellion  
  195  21:21  Hellion x2  
Tags
 
Add a new tag
Caveats
  • Supply blocks, unpowered buildings, or Contaminate may cause inaccurate times.
  • Supply counts are checked every 10 seconds.